Map: Abiogenesis LE

Players

TYTY (TY) - Winner!

  • Race: Terran Terran
  • League: Master
  • Spawn Location: 5:00

Solar

  • Race: Zerg Zerg
  • League: Master
  • Spawn Location: 11:00

Event: Memes & Dreams Invitational

VOD

https://www.youtube.com/watch?v=d4tRcs_WHdk

Description

Time

  • Played on: April 15, 2018, 5:48 a.m.
  • Length: 21:34

All games in this series

Show
View Real Time Build Order
Export as new Build Order

TYTY Terran - Winner!

Build Orders: Reaper Expand, Bio Mine 

Get SALT Encoding   

  12  0:00  SCV  
  13  0:12  SCV  
  14  0:20  Supply Depot  
  14  0:24  SCV  
  15  0:41  SCV  
  16  0:43  Barracks  
  16  0:45  Refinery  
  16  0:53  SCV  
  17  1:05  SCV  
  18  1:18  SCV  
  19  1:30  Reaper, Orbital Command  
  20  1:40  Command Center  
  20  1:49  Supply Depot  
  20  1:56  SCV  
  21  2:01  Marine  
  21  2:06  Factory  
  22  2:09  SCV  
  22  2:15  Refinery  
  23  2:21  SCV  
  24  2:23  Barracks Reactor  
  24  2:33  SCV  
  25  2:45  SCV  
  25  2:51  Starport  
  26  2:52  Orbital Command  
  26  2:57  SCV  
  27  3:02  Hellion x2  
  31  3:09  SCV  
  31  3:12  Barracks Tech Lab  
  32  3:19  SCV  
  33  3:23  Hellion  
  33  3:24  Hellion  
  37  3:27  SCV, Starport Tech Lab  
  37  3:30  Stimpack  
  37  3:34  SCV  
  39  3:36  Supply Depot  
  39  3:41  SCV  
  39  3:47  SCV  
  41  3:53  SCV, Raven  
  44  3:59  SCV  
  44  4:00  Command Center  
  46  4:10  Barracks  
  46  4:11  SCV  
  46  4:13  Supply Depot, SCV  
  47  4:22  Barracks  
  47  4:23  Marine, SCV  
  49  4:25  SCV  
  50  4:35  SCV  
  50  4:37  SCV  
  52  4:40  Siege Tank  
  52  4:41  Marine  
  52  4:44  Viking  
  58  4:47  Supply Depot, SCV  
  58  4:49  SCV  
  60  4:57  Supply Depot  
  60  4:59  Marine, SCV, Engineering Bay  
  62  5:03  Engineering Bay  
  62  5:08  Marine x2  
  62  5:09  SCV  
  62  5:12  Refinery  
  62  5:13  Barracks Reactor  
  62  5:14  SCV  
  66  5:15  Starport Reactor  
  66  5:17  Refinery  
  46  5:21  Orbital Command  
  69  5:24  SCV  
  69  5:25  Marine  
  69  5:26  Marine, SCV, Terran Infantry Weapons Level 1  
  70  5:29  Terran Infantry Armor Level 1  
  70  5:32  Marine  
  71  5:36  SCV  
  71  5:38  SCV  
  73  5:43  Marine  
  73  5:46  Marine, Siege Tank  
  73  5:47  SCV  
  73  5:48  SCV  
  80  5:50  Marine  
  80  5:52  Marine, Orbital Command  
  80  5:53  Marine  
  80  6:00  Marine, SCV  
  80  6:02  Medivac  
  80  6:03  Medivac  
  82  6:04  Marine  
  82  6:08  Marine, SCV  
  82  6:10  Supply Depot, Marine x2  
  87  6:12  SCV, Combat Shields  
  88  6:18  Marine  
  88  6:19  SCV  
  88  6:20  SCV  
  88  6:22  Marine  
  88  6:24  SCV  
  93  6:28  Barracks  
  93  6:30  Barracks  
  93  6:31  Marine x3, SCV  
  93  6:32  SCV  
  98  6:34  Missile Turret  
  98  6:36  Supply Depot  
  98  6:38  Marine  
  98  6:39  Marine  
  99  6:42  SCV  
  99  6:45  Supply Depot  
  101  6:50  Armory  
  101  6:54  Supply Depot  
  101  6:57  Marine x2, Medivac x2, SCV x2  
  101  7:01  Marine  
  109  7:02  SCV  
  95  7:09  Siege Tank, SCV x2  
  95  7:14  Marine, SCV  
  95  7:19  Marine x2  
  95  7:22  Barracks Reactor, SCV x2  
  98  7:24  Barracks Reactor  
  98  7:25  Marine x2  
  98  7:26  SCV  
  100  7:32  Marine  
  100  7:34  Missile Turret, SCV x2  
  103  7:37  Marine x2  
  103  7:38  SCV  
  103  7:40  Terran Infantry Armor Level 2, Terran Infantry Weapons Level 2  
  103  7:42  Marine x2  
  108  7:44  Refinery  
  108  7:46  Siege Tank  
  108  7:48  Refinery  
  108  7:49  Supply Depot  
  113  7:54  Missile Turret  
  113  7:57  Marine x2  
  113  7:58  Marine  
  113  7:59  Marine x2  
  113  8:00  Marine x2, SCV x2  
  113  8:04  Medivac  
  113  8:05  Medivac  
  124  8:07  Unknown  
  124  8:10  Marine  
  124  8:11  Marine  
  126  8:15  Marine x2, SCV x2  
  126  8:18  Marine x5  
  129  8:21  SCV  
  129  8:23  Supply Depot  
  131  8:35  Factory, Siege Tank  
  131  8:37  Supply Depot x2  
  131  8:41  Command Center, Terran Vehicle Weapons Level 1  
  133  8:46  SCV x3  
  133  8:47  Sensor Tower  
  136  8:53  Liberator x2  
  134  8:57  Marine x7  
  134  8:58  Marine x2  
  141  9:05  SCV x2  
  141  9:06  Supply Depot  
  141  9:08  Supply Depot  
  141  9:09  Siege Tank  
  146  9:14  Marine  
  146  9:15  Marine  
  153  9:25  Marine x3  
  153  9:28  Marine x2  
  153  9:31  SCV x3  
  160  9:37  Factory Tech Lab  
  160  9:38  Barracks, Ghost Academy  
  160  9:39  Barracks x2  
  160  9:41  Siege Tank  
  160  9:43  SCV  
  164  9:48  Marine  
  164  9:49  Marine x5  
  163  9:54  Medivac x2  
  163  9:57  Siege Tank  
  170  10:08  Marauder  
  170  10:09  Personal Cloaking  
  170  10:10  Ghost Academy  
  170  10:12  Refinery  
  170  10:13  SCV  
  173  10:17  Sensor Tower  
  173  10:19  SCV x2, Planetary Fortress  
  168  10:24  Medivac x2  
  172  10:29  Sensor Tower  
  172  10:37  Siege Tank  
  172  10:38  Barracks Tech Lab  
  172  10:39  Barracks Tech Lab  
  173  10:52  Marine x5, Marauder  
  173  10:54  Medivac, Barracks Tech Lab  
  173  10:56  SCV  
  177  10:59  Refinery  
  175  11:06  Command Center x2  
  175  11:08  Ghost x2  
  175  11:09  Widow Mine  
  181  11:12  Factory Reactor, Ghost  
  181  11:13  Ghost  
  181  11:14  Supply Depot  
  185  11:31  Supply Depot, Missile Turret x3  
  185  11:32  Supply Depot, Widow Mine  
  187  11:37  Ghost x2  
  191  11:41  Ghost  
  193  11:51  Marine, Marauder  
  193  11:52  Marine x2  
  197  11:54  Terran Infantry Weapons Level 3  
  196  12:04  Widow Mine  
  196  12:05  Widow Mine x2  
  196  12:06  Marauder x2  
  192  12:11  Ghost x2  
  192  12:13  Marine x3  
  185  12:23  Marine x2  
  185  12:24  Orbital Command  
  185  12:26  Widow Mine x2  
  185  12:27  Ghost, Widow Mine  
  185  12:28  Marauder  
  193  12:30  Starport  
  193  12:31  Marine x4  
  193  12:34  Marine x2, Drilling Claws  
  199  12:40  Marine  
  199  12:41  Concussive Shells  
  200  12:50  Terran Infantry Armor Level 3  
  199  12:57  Marine x3  
  187  13:07  Marine x2, Marauder x2  
  187  13:09  Widow Mine x2  
  180  13:14  Marine x2  
  180  13:15  Marauder x2  
  184  13:25  Marine  
  152  13:28  Nuke, Marauder  
  152  13:29  Marauder  
  152  13:30  Unknown x2  
  156  13:35  Widow Mine x3  
  156  13:38  Nuke  
  156  13:39  Medivac  
  156  13:40  Medivac, Starport Tech Lab, Ghost Academy  
  166  13:42  Marine  
  166  13:43  Marauder x2  
  166  13:45  Marine x4  
  175  13:50  Command Center, Marauder  
  174  13:57  Marine x2, Marauder  
  174  14:00  Widow Mine x2  
  174  14:01  Raven  
  186  14:02  Widow Mine  
  186  14:04  Marauder x2  
  189  14:11  Marine x3  
  189  14:14  Marine x4  
  189  14:17  Marine x2  
  196  14:20  Medivac  
  200  14:25  Unknown x3  
  200  14:26  Unknown x4  
  199  14:44  Marine, Nuke, Marauder  
  200  15:03  Starport  
  189  15:14  Marine x3, Marauder x3  
  179  15:16  Medivac  
  179  15:17  Medivac, Raven  
  179  15:18  Marine x4  
  194  15:23  Marine x2  
  196  15:32  Marine x3  
  196  15:35  Marine  
  200  15:38  Building Armor  
  200  15:40  Barracks x2  
  200  15:41  Barracks  
  193  15:46  Marine x4, Medivac  
  193  15:48  Widow Mine  
  197  15:51  Corvid Reactor  
  197  15:52  Starport Tech Lab  
  197  15:56  Planetary Fortress  
  197  15:57  Marine x3, Refinery  
  197  15:58  Refinery  
  197  16:00  Missile Turret  
  197  16:01  Starport  
  197  16:03  Command Center  
  198  16:07  Marine x6  
  198  16:14  Marine x2  
  198  16:15  Unknown  
  198  16:16  Marine x2, Unknown x5  
  200  16:21  Refinery  
  200  16:22  Raven  
  200  16:23  Refinery  
  190  16:30  Raven  
  180  16:36  Marine x3, Marauder x3  
  180  16:38  Marine x3  
  188  16:40  Starport Tech Lab  
  188  16:41  Marine x3  
  187  16:54  Marine x3  
  183  16:55  Nuke  
  183  16:56  Marine x2  
  183  16:57  Marauder  
  183  17:00  Raven  
  186  17:15  Marauder x3  
  192  17:18  Raven x2  
  190  17:42  Command Center  
  190  17:43  Raven  
  169  18:00  Barracks Tech Lab, Barracks Reactor  
  169  18:01  Raven  
  169  18:03  Medivac x2  
  171  18:05  Raven  
  171  18:26  Raven  
  150  18:34  Planetary Fortress  
  150  18:44  Raven  
  150  18:46  Medivac x2  
  150  18:47  Command Center, Widow Mine x2  
  162  18:48  Widow Mine, Missile Turret, Raven  
  162  18:49  Sensor Tower  
  162  18:54  Marine  
  162  18:55  Marine x2, Marauder x3  
  169  18:56  Marine x2  
  164  19:15  Raven  
  160  19:27  Raven  
  162  19:31  Raven  
  162  19:32  Unknown x3  
  147  19:54  Marine x6, Marauder x2  
  147  19:55  Marauder  
  147  19:58  Raven  
  147  19:59  Marine x3  
  164  20:04  Marine x3  
  168  20:14  Unknown  
  168  20:21  Marine x3, Marauder x2  
  159  20:24  Marine x5  
  157  20:34  Marine x2  
  142  20:38  Marine  
  142  20:39  Marine  
  140  20:47  Unknown  
  128  20:53  Medivac x2  
  132  20:57  Marine x2  
Show
View Real Time Build Order
Export as new Build Order

Solar Zerg 

Build Orders: Pool First, Brood Lord Corruptor 

Get SALT Encoding   

  12  0:02  Drone  
  13  0:12  Overlord  
  13  0:17  Drone  
  14  0:31  Drone x2  
  14  0:34  Drone  
  17  0:45  Extractor, Drone  
  17  0:50  Spawning Pool  
  17  0:55  Drone  
  17  1:07  Drone  
  18  1:18  Hatchery  
  18  1:23  Drone  
  18  1:29  Drone  
  19  1:37  Queen  
  21  1:41  Zergling x2  
  22  1:48  Metabolic Boost  
  22  1:54  Overlord  
  22  2:13  Queen, Zergling x2  
  22  2:15  Drone  
  26  2:21  Drone  
  27  2:29  Queen  
  27  2:30  Drone  
  27  2:32  Drone  
  31  2:41  Drone  
  31  2:43  Drone  
  33  2:44  Overlord  
  33  2:46  Drone  
  33  2:48  Drone  
  35  2:52  Pneumatized Carapace  
  35  2:55  Drone  
  36  3:03  Drone x2  
  38  3:14  Hatchery  
  38  3:15  Drone  
  38  3:18  Drone  
  39  3:21  Drone x2  
  39  3:25  Overlord  
  41  3:27  Zergling x2  
  42  3:37  Queen  
  42  3:41  Overlord  
  44  3:44  Drone x2  
  44  3:47  Drone x2  
  44  3:48  Zergling x4  
  50  3:55  Drone x2  
  52  3:58  Overlord  
  52  4:01  Drone x2  
  54  4:06  Zergling x2  
  54  4:08  Drone  
  54  4:09  Drone  
  57  4:10  Drone x2  
  57  4:13  Extractor  
  57  4:15  Evolution Chamber x2  
  56  4:17  Queen  
  56  4:20  Overlord  
  56  4:21  Drone  
  59  4:27  Drone x2  
  59  4:30  Spore Crawler  
  61  4:31  Drone, Spore Crawler  
  61  4:37  Drone x2  
  62  4:42  Queen  
  62  4:43  Drone  
  65  4:47  Drone x2  
  65  4:48  Drone x3  
  65  4:52  Zerg Melee Weapons Level 1  
  70  4:55  Zerg Ground Armor Level 1  
  70  4:56  Drone  
  70  4:58  Overlord  
  71  5:00  Drone  
  71  5:01  Drone  
  71  5:04  Zergling x6  
  76  5:09  Overlord  
  76  5:13  Drone  
  77  5:15  Lair  
  77  5:17  Zergling x8  
  77  5:21  Extractor x2  
  79  5:22  Extractor, Drone  
  79  5:23  Drone  
  79  5:26  Drone  
  81  5:30  Baneling Nest  
  81  5:32  Drone  
  81  5:39  Drone x2  
  81  5:41  Drone  
  81  5:42  Drone x2  
  86  5:43  Drone x3  
  86  5:44  Drone x3  
  86  5:46  Drone  
  92  5:51  Overlord  
  92  5:55  Drone  
  88  6:01  Hatchery  
  88  6:02  Zergling x2  
  88  6:03  Zergling x2  
  89  6:07  Zergling x4  
  89  6:09  Overlord  
  91  6:15  Zergling x6  
  91  6:16  Centrifical Hooks  
  94  6:19  Hydralisk Den, Zergling x4  
  94  6:21  Baneling x3  
  94  6:22  Baneling  
  94  6:23  Baneling x3  
  94  6:24  Zergling x14  
  102  6:30  Overlord  
  102  6:32  Zergling x2  
  103  6:35  Zergling x2  
  104  6:40  Zergling x2  
  104  6:45  Overseer, Zergling x8  
  109  6:49  Grooved Spines  
  109  6:50  Hydralisk x2  
  109  6:51  Hydralisk x2  
  109  6:52  Zergling x2  
  109  6:53  Zergling x6  
  121  6:56  Overlord  
  117  7:04  Hydralisk x2  
  112  7:10  Hydralisk  
  112  7:13  Hydralisk x2  
  117  7:18  Drone  
  117  7:19  Drone x3  
  115  7:25  Overlord, Queen  
  115  7:26  Drone x4  
  115  7:28  Zergling x8  
  125  7:33  Zerg Ground Armor Level 2  
  125  7:34  Overlord x2  
  125  7:36  Zergling x2  
  125  7:37  Zergling x2, Zerg Melee Weapons Level 2  
  127  7:42  Extractor, Hydralisk  
  127  7:43  Infestation Pit  
  127  7:45  Baneling  
  127  7:46  Zergling x4  
  127  7:48  Overlord  
  129  7:52  Hydralisk x2  
  129  7:53  Zergling x2  
  129  7:54  Zergling x10  
  139  7:59  Zergling x4  
  139  8:01  Overlord  
  139  8:03  Baneling x2  
  139  8:04  Baneling  
  141  8:07  Hydralisk x2  
  141  8:09  Hydralisk  
  139  8:16  Hydralisk x2  
  139  8:21  Zergling x10  
  139  8:24  Overlord, Muscular Augments  
  144  8:30  Drone  
  144  8:31  Drone  
  144  8:32  Drone x3  
  144  8:33  Extractor  
  148  8:34  Drone  
  148  8:35  Hive  
  148  8:38  Zergling x2, Hatchery  
  148  8:40  Baneling x4  
  149  8:41  Zergling x2  
  149  8:44  Zergling x2  
  149  8:45  Zergling x2  
  151  8:49  Zergling x2  
  151  8:50  Zergling x2  
  151  8:53  Zergling x8  
  152  8:56  Hydralisk x2  
  152  8:57  Zergling x2  
  152  9:01  Zergling x6  
  154  9:04  Zergling x4  
  156  9:10  Drone  
  156  9:12  Spire, Zergling x2  
  156  9:13  Zergling x2  
  156  9:14  Baneling x6  
  158  9:19  Drone  
  158  9:20  Drone, Zergling x2  
  158  9:22  Overlord x3  
  158  9:25  Overlord x2  
  158  9:26  Zergling x2, Hatchery  
  158  9:27  Zergling x8  
  158  9:28  Hatchery  
  158  9:30  Overlord  
  159  9:31  Overlord  
  159  9:38  Baneling x6  
  159  9:39  Baneling x3, Overseer  
  159  9:41  Zergling x12  
  165  9:47  Zergling x4  
  165  9:50  Hydralisk x2  
  165  9:51  Zergling x2  
  170  9:53  Zergling x8  
  170  9:54  Zergling x2  
  170  9:55  Hatchery  
  170  9:58  Zergling x8  
  178  10:01  Baneling x6  
  178  10:04  Viper x2  
  184  10:10  Adrenal Glands  
  184  10:11  Drone x2  
  184  10:12  Drone  
  187  10:15  Zergling x6  
  187  10:20  Zergling x12  
  185  10:23  Zergling x6  
  185  10:24  Zergling x2  
  185  10:25  Zergling x2  
  186  10:30  Zergling x4  
  186  10:33  Greater Spire  
  186  10:34  Zergling x4  
  190  10:40  Zergling x10  
  195  10:42  Drone  
  195  10:47  Zergling x2  
  195  10:48  Zergling x4  
  196  11:05  Baneling x3  
  196  11:06  Baneling x8  
  196  11:10  Extractor  
  195  11:15  Zerg Ground Armor Level 3, Zerg Missile Weapons Level 1  
  195  11:16  Zergling x10  
  195  11:17  Zergling x6  
  198  11:39  Baneling  
  196  11:40  Baneling x2  
  196  11:41  Zergling x8  
  196  11:46  Spore Crawler  
  199  11:51  Zerg Flyer Weapons Level 1  
  199  11:52  Spore Crawler  
  198  12:00  Overlord  
  195  12:01  Overlord  
  195  12:07  Drone x4  
  195  12:08  Drone  
  185  12:19  Corruptor x4  
  185  12:20  Corruptor x3  
  199  12:24  Overseer  
  197  12:37  Queen  
  199  12:45  Pathogen Glands  
  197  12:55  Overseer  
  197  12:56  Overseer x2  
  190  13:00  Hatchery  
  174  13:06  Zergling x32  
  174  13:07  Zergling x2  
  190  13:18  Brood Lord x4  
  188  13:25  Brood Lord x3  
  180  13:27  Infestor x3  
  180  13:31  Corruptor x5  
  192  13:36  Extractor x2  
  192  13:37  Spine Crawler  
  192  13:38  Spine Crawler  
  188  13:45  Zerg Flyer Armor Level 1  
  177  13:57  Corruptor x2  
  177  13:59  Zergling x18  
  177  14:02  Infestor x2  
  194  14:09  Brood Lord  
  193  14:11  Corruptor x4  
  194  14:30  Brood Lord  
  191  14:44  Brood Lord x4  
  174  14:46  Corruptor  
  176  14:55  Zergling x2  
  176  14:56  Zergling x26  
  176  14:59  Corruptor  
  190  15:11  Corruptor x3  
  190  15:14  Zergling x4  
  185  15:24  Brood Lord  
  183  15:30  Drone x3  
  183  15:33  Brood Lord  
  186  15:35  Overseer  
  186  15:41  Infestor x3  
  190  15:51  Brood Lord  
  190  15:53  Brood Lord  
  190  15:57  Brood Lord  
  196  16:00  Baneling x5  
  196  16:01  Baneling  
  196  16:02  Baneling x2  
  196  16:08  Baneling x6  
  196  16:09  Baneling  
  188  16:11  Zergling x4  
  190  16:23  Zergling x18  
  195  16:27  Zergling x4  
  195  16:28  Zergling x2  
  195  16:29  Zergling x2  
  195  16:30  Zergling x2  
  195  16:35  Zergling x4  
  195  16:36  Zergling x2  
  195  16:37  Zergling x2  
  195  16:39  Zergling x2  
  194  16:42  Zergling x6  
  195  16:51  Zergling x2  
  195  16:54  Zergling x4  
  198  17:00  Zergling x2  
  198  17:01  Zergling x6  
  194  17:07  Zergling x2  
  195  17:09  Zergling x2  
  195  17:10  Zergling x2  
  191  17:17  Zergling x4  
  191  17:19  Baneling x3  
  191  17:36  Hatchery  
  190  17:40  Baneling x7  
  190  17:41  Baneling x3  
  190  17:48  Zergling x6  
  192  17:53  Zergling x4  
  192  17:56  Zergling x2  
  188  17:59  Zergling x2  
  163  18:20  Zergling x2  
  163  18:21  Zergling x8  
  163  18:26  Zergling x2, Hatchery  
  152  18:38  Baneling  
  152  18:39  Baneling x4  
  152  18:49  Baneling  
  152  18:50  Baneling  
  152  18:55  Zergling x2  
  152  19:02  Zergling x4  
  154  19:08  Zergling x2  
  149  19:23  Zergling x6  
  144  19:26  Baneling x2  
  144  19:35  Zergling x2  
  138  19:53  Baneling  
  138  19:54  Baneling x6  
  132  20:23  Zergling x2  
  132  20:24  Zergling x6  
Tags
 
Add a new tag
Caveats
  • Supply blocks, unpowered buildings, or Contaminate may cause inaccurate times.
  • Supply counts are checked every 10 seconds.